| TOP OF THE 1ST |
|
San Jose Bees batting - Pitching for Stockton Mariners : LHP Randy Ford
|
|
Pitching: LHP Randy Ford
|
|
|
Batting: RHB Anthony Laurenzi
|
0-0: DOUBLE (Line Drive, 7LS, EV 93.1 MPH)
|
|
Batting: RHB Ron MacDonald
|
0-0: Foul Ball, location: 2F 0-1: Ball 1-1: Fly out, F4 (Line Drive, 4, EV 66.3 MPH)
|
|
Batting: LHB Stanley Davis
|
0-0: Called Strike 0-1: Called Strike 0-2: Ball 1-2: Hit by Pitch
|
|
Batting: RHB Ricky McMullen
|
0-0: Called Strike 0-1: Called Strike 0-2: Strikes out looking
|
|
Batting: RHB Michael Parker
|
0-0: Foul Ball, location: 2F 0-1: Foul Ball, location: 2F 0-2: Strikes out swinging
|
| Top of the 1st over - 0 runs, 1 hit, 0 errors, 2 left on base; San Jose 0 - Stockton 0 |
| BOTTOM OF THE 1ST |
|
Stockton Mariners batting - Pitching for San Jose Bees : RHP Frank Wills
|
|
Pitching: RHP Frank Wills
|
|
|
Batting: LHB Harold Perkins
|
0-0: Fly out, F4 (Popup, 4M, EV 59.4 MPH)
|
|
Batting: LHB Ricky Nelson
|
0-0: Called Strike 0-1: Called Strike 0-2: Strikes out looking
|
|
Batting: LHB Marvin Ward
|
0-0: Called Strike 0-1: Ball 1-1: Foul Ball, location: 2F 1-2: SINGLE (Groundball, 34D, EV 105.0 MPH)
|
|
Batting: LHB David Cawthon
|
0-0: SINGLE (Groundball, 34D, EV 96.3 MPH) Marvin Ward to second Runner from 2nd tries for 3rd, SAFE, throw by RF made to third
|
|
Batting: LHB Joe Perna
|
0-0: Ball 1-0: Ball 2-0: Foul Ball, location: 2F 2-1: Foul Ball, location: 2F 2-2: Strikes out looking
|
| Bottom of the 1st over - 0 runs, 2 hits, 0 errors, 2 left on base; San Jose 0 - Stockton 0 |
| TOP OF THE 2ND |
|
San Jose Bees batting - Pitching for Stockton Mariners : LHP Randy Ford
|
|
Batting: LHB Dale Weaver
|
0-0: Ball 1-0: Ball 2-0: Foul Ball, location: 2F 2-1: Ball 3-1: Called Strike 3-2: Foul Ball, location: 2F 3-2: SINGLE (Line Drive, 34, EV 98.8 MPH)
|
|
Batting: RHB David Hoyt
|
0-0: Fly out, F9 (Flyball, 9LM, EV 78.1 MPH)
|
|
Batting: RHB Bill Pinkham
|
0-0: Ball 1-0: Fly out, F8 (Flyball, 8LM, EV 88.1 MPH)
|
|
Batting: RHB Weston Mitchell
|
0-0: Ball 1-0: Called Strike 1-1: Swinging Strike 1-2: Strikes out swinging
|
| Top of the 2nd over - 0 runs, 1 hit, 0 errors, 1 left on base; San Jose 0 - Stockton 0 |
| BOTTOM OF THE 2ND |
|
Stockton Mariners batting - Pitching for San Jose Bees : RHP Frank Wills
|
|
Batting: RHB Orlando Mercado
|
0-0: Ball 1-0: Called Strike 1-1: Ball 2-1: Fly out, F9 (Flyball, 9LS, EV 86.9 MPH)
|
|
Batting: LHB Victor Gavidia
|
0-0: Called Strike 0-1: Swinging Strike 0-2: Ball 1-2: Ground out 3-1 (Groundball, 34, EV 102.5 MPH)
|
|
Batting: RHB William Butler
|
0-0: Swinging Strike 0-1: Ball 1-1: Foul Ball, location: 2F 1-2: Ground out 6-3 (Groundball, 6, EV 103.1 MPH)
|
| Bottom of the 2nd over - 0 runs, 0 hits, 0 errors, 0 left on base; San Jose 0 - Stockton 0 |
| TOP OF THE 3RD |
|
San Jose Bees batting - Pitching for Stockton Mariners : LHP Randy Ford
|
|
Batting: RHB Anthony Laurenzi
|
0-0: SINGLE (Line Drive, 78S, EV 103.8 MPH)
|
|
Batting: RHB Ron MacDonald
|
0-0: Ball 1-0: Foul Ball, location: 2F 1-1: Foul Ball, location: 2F 1-2: Fly out, F9 (Flyball, 9, EV 90.6 MPH)
|
|
Batting: LHB Stanley Davis
|
0-0: Ball 1-0: Fielders Choice at 2nd, 6-4 (Groundball, 6, EV 110.0 MPH)
|
|
Batting: RHB Ricky McMullen
|
0-0: Ball 1-0: Called Strike 1-1: Ball 2-1: SINGLE (Groundball, 4MD, EV 101.3 MPH) Stanley Davis to second Runner from 2nd tries for 3rd, SAFE, throw by CF made to third
|
|
Batting: RHB Michael Parker
|
0-0: Foul Ball, location: 2F 0-1: Ball Balk! Stanley Davis scores Ricky McMullen to second 1-1: Ball 2-1: 2-RUN HOME RUN (Flyball, 9LD, EV 93.8 MPH), Distance : 368 ft
|
|
Batting: LHB Dale Weaver
|
0-0: Ball 1-0: Ball 2-0: Foul Ball, location: 2F 2-1: Ball 3-1: Base on Balls
|
|
Batting: RHB David Hoyt
|
0-0: Ball 1-0: Ball 2-0: Swinging Strike 2-1: Called Strike 2-2: Ground out 1-3 (Groundball, 15, EV 63.1 MPH)
|
| Top of the 3rd over - 3 runs, 3 hits, 0 errors, 1 left on base; San Jose 3 - Stockton 0 |
| BOTTOM OF THE 3RD |
|
Stockton Mariners batting - Pitching for San Jose Bees : RHP Frank Wills
|
|
Batting: RHB Brian Greer
|
0-0: Ball 1-0: Ball 2-0: Ball 3-0: Called Strike 3-1: Called Strike 3-2: Foul Ball, location: 2F 3-2: Fly out, F8 (Flyball, 78M, EV 81.9 MPH)
|
|
Batting: LHB Harold Perkins
|
0-0: Ground out U3 (Groundball, 3, EV 101.9 MPH)
|
|
Batting: LHB Ricky Nelson
|
0-0: Ball 1-0: Swinging Strike 1-1: Swinging Strike 1-2: Fly out, F4 (Popup, 4S, EV 83.1 MPH)
|
| Bottom of the 3rd over - 0 runs, 0 hits, 0 errors, 0 left on base; San Jose 3 - Stockton 0 |
| TOP OF THE 4TH |
|
San Jose Bees batting - Pitching for Stockton Mariners : LHP Randy Ford
|
|
Batting: RHB Bill Pinkham
|
0-0: Foul Ball, location: 2F 0-1: Ground out 4-3 (Groundball, 4S, EV 82.5 MPH)
|
|
Batting: RHB Weston Mitchell
|
0-0: Ball 1-0: Foul Ball, location: 2F 1-1: Fly out, F9 (Flyball, 9D, EV 83.8 MPH)
|
|
Batting: RHB Anthony Laurenzi
|
0-0: Foul Ball, location: 2F 0-1: Ball 1-1: Ball 2-1: Foul Ball, location: 2F 2-2: Ball 3-2: Fly out, F9 (Flyball, 9D, EV 102.5 MPH)
|
| Top of the 4th over - 0 runs, 0 hits, 0 errors, 0 left on base; San Jose 3 - Stockton 0 |
| BOTTOM OF THE 4TH |
|
Stockton Mariners batting - Pitching for San Jose Bees : RHP Frank Wills
|
|
Batting: LHB Marvin Ward
|
0-0: Foul Ball, location: 2F 0-1: Foul Ball, location: 2F 0-2: Ball 1-2: Strikes out looking
|
|
Batting: LHB David Cawthon
|
0-0: Foul Ball, location: 2F 0-1: Foul Ball, location: 2F 0-2: Strikes out swinging
|
|
Batting: LHB Joe Perna
|
0-0: Ball 1-0: Ball 2-0: Ball 3-0: Base on Balls
|
|
Batting: RHB Orlando Mercado
|
0-0: Ball 1-0: Fielders Choice at 2nd, 6-4 (Groundball, 6, EV 84.4 MPH)
|
| Bottom of the 4th over - 0 runs, 0 hits, 0 errors, 1 left on base; San Jose 3 - Stockton 0 |
| TOP OF THE 5TH |
|
San Jose Bees batting - Pitching for Stockton Mariners : LHP Randy Ford
|
|
Batting: RHB Ron MacDonald
|
0-0: Called Strike 0-1: Fly out, F4 (Line Drive, 4, EV 67.5 MPH)
|
|
Batting: LHB Stanley Davis
|
0-0: Ball 1-0: Ball 2-0: Called Strike 2-1: Swinging Strike 2-2: Foul Ball, location: 2F 2-2: Strikes out swinging
|
|
Batting: RHB Ricky McMullen
|
0-0: Called Strike 0-1: Fly out, F7 (Flyball, 7LM, EV 90.6 MPH)
|
| Top of the 5th over - 0 runs, 0 hits, 0 errors, 0 left on base; San Jose 3 - Stockton 0 |
| BOTTOM OF THE 5TH |
|
Stockton Mariners batting - Pitching for San Jose Bees : RHP Frank Wills
|
|
Batting: LHB Victor Gavidia
|
0-0: Ball 1-0: Bunt missed! 1-1: Ground out 6-3 (Groundball, 6, EV 90.0 MPH)
|
|
Batting: RHB William Butler
|
0-0: Swinging Strike 0-1: Foul Ball, location: 2F 0-2: Ball 1-2: Foul Ball, location: 2F 1-2: Foul Ball, location: 2F 1-2: Ball 2-2: Ground out 5-3 (Groundball, 56, EV 92.5 MPH)
|
|
Batting: RHB Brian Greer
|
0-0: Called Strike 0-1: Fly out, F8 (Flyball, 78M, EV 83.8 MPH)
|
| Bottom of the 5th over - 0 runs, 0 hits, 0 errors, 0 left on base; San Jose 3 - Stockton 0 |
| TOP OF THE 6TH |
|
San Jose Bees batting - Pitching for Stockton Mariners : LHP Randy Ford
|
|
Batting: RHB Michael Parker
|
0-0: Foul Ball, location: 2F 0-1: Foul Ball, location: 2F 0-2: Ball 1-2: Ground out 6-3 (Groundball, 4MS, EV 92.5 MPH)
|
|
Batting: LHB Dale Weaver
|
0-0: Ball 1-0: Ball 2-0: Ball 3-0: Called Strike 3-1: Foul Ball, location: 2F 3-2: Foul Ball, location: 2F 3-2: Ground out 5-3 (Groundball, 5, EV 84.4 MPH)
|
|
Batting: RHB David Hoyt
|
0-0: Ball 1-0: Ground out 6-3 (Groundball, 6, EV 76.9 MPH)
|
| Top of the 6th over - 0 runs, 0 hits, 0 errors, 0 left on base; San Jose 3 - Stockton 0 |
| BOTTOM OF THE 6TH |
|
Stockton Mariners batting - Pitching for San Jose Bees : RHP Frank Wills
|
|
Batting: LHB Harold Perkins
|
0-0: Ball 1-0: Ball 2-0: Ball 3-0: Called Strike 3-1: Ground out 6-3 (Groundball, 6, EV 85.6 MPH)
|
|
Batting: LHB Ricky Nelson
|
0-0: Foul Ball, location: 2F 0-1: Fly out, F7 (Flyball, 78D, EV 99.4 MPH)
|
|
Batting: LHB Marvin Ward
|
0-0: Foul Ball, location: 2F 0-1: Ball 1-1: Ground out 4-3 (Groundball, 4M, EV 108.8 MPH)
|
| Bottom of the 6th over - 0 runs, 0 hits, 0 errors, 0 left on base; San Jose 3 - Stockton 0 |
| TOP OF THE 7TH |
|
San Jose Bees batting - Pitching for Stockton Mariners : LHP Randy Ford
|
|
Batting: RHB Bill Pinkham
|
0-0: Ball 1-0: SOLO HOME RUN (Flyball, 89XD, EV 93.8 MPH), Distance : 452 ft
|
|
Batting: RHB Weston Mitchell
|
0-0: Ball 1-0: Ball 2-0: Called Strike 2-1: Called Strike 2-2: Foul Ball, location: 2F 2-2: Ball 3-2: Ground out 6-3 (Groundball, 6, EV 86.3 MPH)
|
|
Batting: RHB Anthony Laurenzi
|
0-0: Called Strike 0-1: Ball 1-1: Ground out 6-3 (Groundball, 6, EV 85.0 MPH)
|
|
Batting: RHB Ron MacDonald
|
0-0: Ball 1-0: Swinging Strike 1-1: Foul Ball, location: 2F 1-2: Fly out, F9 (Flyball, 9, EV 85.6 MPH)
|
| Top of the 7th over - 1 run, 1 hit, 0 errors, 0 left on base; San Jose 4 - Stockton 0 |
| BOTTOM OF THE 7TH |
|
Stockton Mariners batting - Pitching for San Jose Bees : RHP Frank Wills
|
|
Batting: LHB David Cawthon
|
0-0: Foul Ball, location: 2F 0-1: SINGLE (Line Drive, 9S, EV 93.1 MPH)
|
|
Batting: LHB Joe Perna
|
0-0: Ball 1-0: Ball 2-0: Called Strike 2-1: Ball 3-1: Base on Balls David Cawthon to second
|
|
Batting: RHB Orlando Mercado
|
0-0: Ball 1-0: Called Strike 1-1: Fly out, F9 (Flyball, 9, EV 89.4 MPH)
|
|
Batting: LHB Victor Gavidia
|
0-0: Called Strike 0-1: Ball 1-1: Swinging Strike 1-2: Fly out, F2 (Popup, 2R, EV 93.8 MPH)
|
|
Batting: RHB William Butler
|
0-0: Ball 1-0: Fly out, F8 (Flyball, 8RS, EV 81.9 MPH)
|
| Bottom of the 7th over - 0 runs, 1 hit, 0 errors, 2 left on base; San Jose 4 - Stockton 0 |
| TOP OF THE 8TH |
|
San Jose Bees batting - Pitching for Stockton Mariners : LHP Randy Ford
|
|
Batting: LHB Stanley Davis
|
0-0: Called Strike 0-1: Ball 1-1: Called Strike 1-2: Ball 2-2: Strikes out swinging
|
|
Batting: RHB Ricky McMullen
|
0-0: SINGLE (Line Drive, 8RS, EV 88.8 MPH)
|
|
Batting: RHB Michael Parker
|
0-0: Called Strike 0-1: Foul Ball, location: 2F 0-2: Ball 1-2: Ball 2-2: Foul Ball, location: 2F 2-2: Ball 3-2: Base on Balls Ricky McMullen to second
|
|
Batting: LHB Dale Weaver
|
0-0: Ball 1-0: Ball 2-0: Called Strike 2-1: Foul Ball, location: 2F 2-2: Strikes out swinging
|
|
Batting: RHB David Hoyt
|
0-0: Called Strike 0-1: Ball 1-1: Foul Ball, location: 2F 1-2: Ball 2-2: Strikes out swinging
|
| Top of the 8th over - 0 runs, 1 hit, 0 errors, 2 left on base; San Jose 4 - Stockton 0 |
| BOTTOM OF THE 8TH |
|
Stockton Mariners batting - Pitching for San Jose Bees : RHP Frank Wills
|
|
Batting: RHB Brian Greer
|
0-0: Ground out 3-1 (Groundball, 13, EV 86.9 MPH)
|
|
Batting: LHB Harold Perkins
|
0-0: Swinging Strike 0-1: SINGLE (Line Drive, 3D, EV 96.3 MPH)
|
|
Batting: LHB Ricky Nelson
|
0-0: Ball 1-0: Foul Ball, location: 2F 1-1: Ball Wild Pitch! Harold Perkins to second 2-1: Fly out, F7 (Flyball, 7LD, EV 102.5 MPH)
|
|
Batting: LHB Marvin Ward
|
0-0: Ball 1-0: Foul Ball, location: 2F 1-1: Ball 2-1: Foul Ball, location: 2F 2-2: Ground out 6-3 (Groundball, P, EV 80.6 MPH)
|
| Bottom of the 8th over - 0 runs, 1 hit, 0 errors, 1 left on base; San Jose 4 - Stockton 0 |
| TOP OF THE 9TH |
|
San Jose Bees batting - Pitching for Stockton Mariners : LHP Randy Ford
|
|
Batting: RHB Bill Pinkham
|
0-0: Called Strike 0-1: Called Strike 0-2: Ball 1-2: Strikes out swinging
|
|
Pitching: RHP Kevin Hagen
|
|
|
Batting: RHB Weston Mitchell
|
0-0: Ground out 4-3 (Groundball, 4M, EV 83.8 MPH)
|
|
Batting: RHB Anthony Laurenzi
|
0-0: Called Strike 0-1: Foul Ball, location: 2F 0-2: Ball 1-2: Ball 2-2: Foul Ball, location: 2F 2-2: Ground out 5-3 (Groundball, 56S, EV 67.5 MPH)
|
| Top of the 9th over - 0 runs, 0 hits, 0 errors, 0 left on base; San Jose 4 - Stockton 0 |
| BOTTOM OF THE 9TH |
|
Stockton Mariners batting - Pitching for San Jose Bees : RHP Frank Wills
|
|
Batting: LHB David Cawthon
|
0-0: Ball 1-0: SINGLE (Flyball, 89S, EV 96.3 MPH)
|
|
Batting: LHB Joe Perna
|
0-0: Called Strike 0-1: Ball 1-1: Foul Ball, location: 2F 1-2: Grounds into double play, 4-6-3 (Groundball, 34, EV 83.8 MPH)
|
|
Batting: RHB Orlando Mercado
|
0-0: Called Strike 0-1: Ball 1-1: Ball 2-1: Foul Ball, location: 2F 2-2: Fly out, F7 (Line Drive, 7D, EV 95.6 MPH)
|
| Bottom of the 9th over - 0 runs, 1 hit, 0 errors, 0 left on base; San Jose 4 - Stockton 0 |
|